 Dungeon Crawl Stone Soup version 0.29-a0-330-g52719c12eb (webtiles) character file.

Game seed: 16077941078872414517

100599 mopl the Nimble (level 16, -7/129 HPs)
             Began as a Gnoll Monk on Apr 19, 2022.
             Was a High Priest of Uskayaw.
             Mangled by an orc warrior
             ... wielding a +0 mace
              (20 damage)
             ... on level 2 of the Orcish Mines.
             The game lasted 00:56:44 (31967 turns).

mopl the Nimble (Gnoll Monk)                       Turns: 31967, Time: 00:56:44

Health: -7/129     AC: 30    Str: 27      XL:     16   Next: 28%
Magic:  30/30      EV: 13    Int: 16 (18) God:    Uskayaw [*****.]
Gold:   2047       SH:  5    Dex: 14      Spells: 36/36 levels left

rFire   + + .      SeeInvis .   a - +8 battleaxe "Pendulum" {vorpal, Str+6}
rCold   + + +      Faith    .   (shield currently unavailable)
rNeg    + . .      Spirit   .   s - +6 plate armour "Doudef" {+Inv rPois}
rPois   +          Reflect  +   r - +1 helmet {Int+3}
rElec   .          Harm     .   V - scarf {rC+ rF+}
rCorr   +          Rampage  .   w - +2 pair of gloves of Wu Jian's Esteem {+Inv rC++ rN+}
Will    ++...                   X - +2 pair of boots
Stlth   ..........              S - amulet of reflection
HPRegen 0.31/turn               n - ring "Muriac" {rF+ rCorr Str+2 Int+5}
MPRegen 0.22/turn               d - ring of willpower

@: about to teleport
A: fangs 1, strong nose, distributed training
a: Renounce Religion, Evoke Invisibility, Stomp, Line Pass, Grand Finale


You were on level 2 of the Orcish Mines.
You worshipped Uskayaw.
Uskayaw was aware of your devotion.
You visited 3 branches of the dungeon, and saw 22 of its levels.
You also visited: Ossuary, Gauntlet, Ice Cave and Volcano.

You collected 2861 gold pieces.
You spent 814 gold pieces at shops.

Inventory:

Hand Weapons
 a - the +8 battleaxe "Pendulum" (weapon) {vorpal, Str+6}
   (You found it on level 2 of the Lair of Beasts)

   It inflicts extra damage upon your enemies.
   Str:       It affects your strength (+6).
 b - a +0 broad axe of flaming
Missiles
 h - 8 curare-tipped darts
 v - 89 poisoned darts (quivered)
 B - 4 boomerangs
 Q - 2 throwing nets
Armour
 r - a +1 helmet of intelligence (worn)
 s - the +6 plate armour "Doudef" (worn) {+Inv rPois}
   (You took it off a gnoll sergeant on level 10 of the Dungeon)

   rPois:     It protects you from poison.
   +Inv:      It lets you turn invisible.
 w - the +2 pair of gloves of Wu Jian's Esteem (worn) {+Inv rC++ rN+}
   (You found it on level 12 of the Dungeon)

   rC:        It greatly protects you from cold.
   rN:        It protects you from negative energy.
   +Inv:      It lets you turn invisible.
 y - a +1 kite shield of reflection
 V - a scarf of resistance (worn)
 X - a +2 pair of boots (worn)
Jewellery
 d - a ring of willpower (right hand)
 n - the ring "Muriac" (left hand) {rF+ rCorr Str+2 Int+5}
   (You found it in a Gauntlet)

   [ring of resist corrosion]

   Str:       It affects your strength (+2).
   Int:       It affects your intelligence (+5).
   rF:        It protects you from fire.
   rCorr:     It protects you from acid and corrosion.
 E - a ring of flight
 F - a +4 ring of evasion
 S - an amulet of reflection (around neck)
Wands
 m - a wand of flame (48)
 G - a wand of iceblast (5)
 J - a wand of digging (4)
 L - a wand of acid (19)
 O - a wand of paralysis (8)
 P - a wand of charming (6)
 R - a wand of mindburst (8)
 U - a wand of polymorph (25)
Scrolls
 l - 8 scrolls of blinking
 o - a scroll of enchant armour
 p - 4 scrolls of fog {unknown}
 q - 5 scrolls of fear
 t - 9 scrolls of enchant weapon {unknown}
 x - 5 scrolls of vulnerability {unknown}
 C - 2 scrolls of noise {unknown}
 D - 10 scrolls of teleportation
 M - 2 scrolls of summoning
 N - 2 scrolls of holy word {unknown}
 Y - 2 scrolls of silence {!r}
Potions
 c - 6 potions of ambrosia
 e - 5 potions of flight
 f - 6 potions of lignification {!q}
 g - 6 potions of cancellation
 i - 6 potions of heal wounds
 j - 2 potions of might
 k - 3 potions of haste
 u - 11 potions of curing
 z - 3 potions of berserk rage {!q}
 A - a potion of invisibility
 I - 3 potions of magic
Miscellaneous
 W - a lightning rod (4/4)
 Z - a condenser vane


   Skills:
 + Level 12.5 Fighting
 + Level 10.8 Short Blades
 + Level 10.8 Long Blades
 + Level 10.8 Axes
 + Level 12.5 Maces & Flails
 + Level 10.8 Polearms
 + Level 10.8 Staves
 + Level 10.8 Slings
 + Level 10.8 Bows
 + Level 10.8 Crossbows
 + Level 10.8 Throwing
 + Level 10.8 Armour
 + Level 12.5 Dodging
 + Level 11.5 Stealth
 + Level 10.8 Shields
 + Level 10.8 Unarmed Combat
 + Level 10.8 Spellcasting
 + Level 9.1 Conjurations
 + Level 9.1 Hexes
 + Level 9.1 Summonings
 + Level 9.1 Necromancy
 + Level 9.1 Translocations
 + Level 9.1 Transmutations
 + Level 9.1 Fire Magic
 + Level 9.1 Ice Magic
 + Level 9.1 Air Magic
 + Level 9.1 Earth Magic
 + Level 9.1 Poison Magic
 + Level 11.7 Invocations
 + Level 10.8 Evocations


You had 36 spell levels left.
You didn't know any spells.
Your spell library contained the following spells:

 Spells                   Type           Power      Damage    Failure   Level
 Animate Skeleton         Necr           74%        N/A       1%          1
 Apportation              Tloc           74%        N/A       1%          1
 Sting                    Tmut/Pois      100%       1d8       1%          1
 Summon Small Mammal      Summ           100%       N/A       1%          1
 Blink                    Tloc           74%        N/A       2%          2
 Poisonous Vapours        Pois/Air       74%        N/A       2%          2
 Scorch                   Fire           74%        2d8       2%          2
 Conjure Flame            Conj/Fire      37%        6-21      4%          3
 Ignite Poison            Fire/Tmut/Pois 37%        N/A       4%          3
 Lesser Beckoning         Tloc           37%        N/A       4%          3
 Tukima's Dance           Hex            37%        N/A       4%          3
 Anguish                  Hex/Necr       18%        N/A       17%         4
 Flame Wave               Conj/Fire      37%        2d9       17%         4
 Olgreb's Toxic Radiance  Pois           37%        N/A       17%         4
 Sticky Flame             Conj/Fire      37%        2d6       17%         4
 Manifold Assault         Tloc           37%        N/A       43%         5
 Summon Cactus Giant      Summ           18%        N/A       95%         6
 Enfeeble                 Hex            18%        N/A       100%        7
 Malign Gateway           Summ/Tloc      18%        N/A       100%        7
 Storm Form               Tmut/Air       18%        N/A       100%        7
 Summon Horrible Things   Summ           18%        N/A       100%        8


Dungeon Overview and Level Annotations

Branches:
Dungeon (14/15)            Temple (0/1) D:7            Lair (6/6) D:11
 Shoals (0/4) Lair:4       Spider (0/4) Lair:4        Slime (0/5) Lair:5
    Orc (2/2) D:12            Elf (0/3) Orc:2        Vaults (0/5) D:13
Ossuary (visited)           IceCv (visited)         Volcano (visited)
Gauntlet (visited)

Altars:
Ashenzari
Cheibriados
Elyvilon
Fedhas
Gozag
Hepliaklqana
Kikubaaqudgha
Nemelex Xobeh
Okawaru
Trog
Uskayaw
Vehumet
Wu Jian
Xom
Zin
The Shining One
Beogh
Jiyva

Shops:
D:4 **   D:7 *   D:8 *   D:10 *

Portals:
Trove: D:12 (give +2 ice dragon scales)

Annotations:
Orc:2 3 runed translucent doors


Innate Abilities, Weirdness & Mutations

You have very sharp teeth.
Your uncanny sense of smell can sniff out nearby items.
Your experience applies equally to all skills.


Message History

As you read the scroll of teleportation, it crumbles to dust.
You feel strangely unstable.
The orc high priest is no longer sharing its pain.
The orc wizard is no longer sharing its pain.
The orc warrior is no longer sharing its pain. x3
You block the orange demon's attack. The orc high priest barely misses you.
The orc warrior hits you with a +0 scimitar.
You block the orc warrior's attack.
An orc wizard comes into view. It is wielding a +0 dagger.
The orc knight hits you with a +0 long sword!!
The orc priest mumbles some strange prayers to Beogh against you.
Beogh smites you!
* * * LOW HITPOINT WARNING * * *
An orc priest comes into view. It is wielding a +0 hand axe.
The sun demon closely misses you. The neqoxec gestures at you.
You feel dopey. Something feeds on your intellect!
You hear a shout!
Unknown command.
You slash the orc warrior!
You bite the orc warrior, but do no damage.
The orc warrior is severely wounded.
You hit the orc warrior but do no damage.
You slash the orc!
You kill the orc!
You hit the sun demon. You hit the orc knight. You hit the orc warrior.
You hit the orc warrior but do no damage.
The orange demon is no longer sharing its pain.
The orange demon stings you but does no damage.
The orc high priest misses you.
The orc warlord roars a battlecry!
The orc knight hits you with a +0 long sword!!
* * * LOW HITPOINT WARNING * * *
The orc high priest calls upon Beogh to heal the orc sorcerer.
The orc sorcerer is healed somewhat.
The orc warrior barely misses you. The sun demon barely misses you.
The orc warrior hits you but does no damage.
The orc warrior hits you with a +0 mace!!
You die...

.......o...
#......oo.#
#....o..o.#
#...oooo..#
#.{o)o4oo.#
#.3oooo4..#
###ooo3o###
#...o@o...#
###..oo)###
#..).## ##....##
### ###.#.### ##..
#...$#.# ##...
#..#.#.### ##....
#........## #.....
##........####....


You could see an orc warlord (strong), 2 orc knights, 2 orc high priests, a sun
demon (summoned), 2 orange demons, a neqoxec (summoned), an orc sorcerer
(strong), 6 orc warriors, 5 orc priests, 4 orc wizards and 4 orcs.

Vanquished Creatures
  Rupert (D:13)
  Gastronok (D:11)
  A stone giant (Volcano)
  A minotaur (Gauntlet)
  Josephine (Lair:6)
  8 hydras
  Fannar (Lair:1)
  The ghost of robertstho the Eclecticist, a journeyman DEFE of Sif Muna (D:13)
  4 boulder beetles
  A death knight (D:14)
  3 catoblepae (Lair:6)
  A centaur warrior (D:14)
  The ghost of sanka the Martial Artist, a novice GnCA of Ignis (D:7)
  9 death yaks (Lair:6)
  2 tengu warriors (D:14)
  The ghost of Sassenached the Covered, a novice GnWn of Gozag (D:9)
  Urug (D:13)
  3 two-headed ogres
  Sonja (D:10)
  A sun demon (Gauntlet)
  The ghost of kae the Conjurer, a novice TeFE of Sif Muna (D:7)
  The ghost of robertstho the Thaumaturge, a novice DEFE of Sif Muna (D:7)
  A deep troll (D:9)
  The ghost of Tribosh the Thaumaturge, a novice DECj of Vehumet (D:7)
  The ghost of kae the Firebug, a novice OpFE of Ashenzari (D:7)
  2 orc knights
  4 deep elf pyromancers
  7 deep elf zephyrmancers (Orc:1)
  A necromancer (D:13)
  8 ugly things
  An orc sorcerer (Orc:2)
  5 cyclopes
  A moth of wrath (D:9)
  10 elephants
  6 manticores
  An oklob plant (D:11)
  3 ice statues (IceCv)
  2 black mambas
  Joseph (Lair:1)
  Maggie (D:10)
  2 gargoyles
  5 rime drakes
  15 komodo dragons
  10 cane toads
  An efreet (Volcano)
  2 unseen horrors
  A hellion (Gauntlet)
  9 kobold demonologists
  A tengu conjurer (D:14)
  4 freezing wraiths
  4 hornets
  12 trolls
  6 slime creatures
  2 wolf spider simulacra (Gauntlet)
  A meliai (Lair:4)
  18 blink frogs
  2 polar bears
  7 dream sheep (Lair:6)
  3 centaur simulacra
  4 wyverns
  2 shadows
  8 wraiths
  54 yaks
  3 vampires
  Eustachio (D:4)
  A fire elemental (Volcano)
  2 basilisks
  8 vampire mosquitoes
  3 steam dragons
  3 harpy simulacra
  Menkaure (D:4)
  A death yak simulacrum (IceCv)
  2 wargs
  An acid dragon (D:8)
  A hydra simulacrum (Gauntlet)
  11 water moccasins
  2 hell hounds (Gauntlet)
  2 black bears
  2 ice beasts
  A sky beast (D:7)
  A black bear (shapeshifter) (D:13)
  20 orc warriors
  6 ogres
  37 wolves
  5 centaurs
  4 phantoms
  An elf zombie (Ossuary)
  13 kobold brigands
  A wyvern zombie (D:5)
  A necrophage (D:7)
  6 bullfrogs
  3 earth elementals (Volcano)
  2 scorpions
  2 gnoll sergeants
  A water moccasin zombie (D:5)
  10 wights
  2 elephant simulacra (IceCv)
  9 killer bees
  9 howler monkeys
  2 electric eels (Lair:2)
  19 orc priests
  A bullfrog zombie (D:5)
  6 centaur zombies (Ossuary)
  4 hounds
  4 human zombies
  4 jellies
  5 iguanas
  Ijyb (D:5)
  Terence (D:2)
  18 orc wizards
  2 polar bear simulacra (IceCv)
  6 hound zombies
  5 mummies
  A howler monkey zombie (D:5)
  Robin (D:4)
  22 gnolls
  5 adders
  A white imp (D:5)
  An ufetubus (D:6)
  4 adder zombies (Ossuary)
  2 worms
  3 dart slugs
  84 orcs
  9 endoplasms
  5 giant cockroaches
  12 goblins
  8 hobgoblins
  5 jackals
  20 kobolds
  3 quokkas
  9 ball pythons
  7 bats
  4 frilled lizards
  5 goblin zombies (Ossuary)
  6 jackal zombies (Ossuary)
  3 kobold zombies (Ossuary)
  3 quokka zombies (Ossuary)
  2 rats (D:2)
  2 rat zombies (Ossuary)
757 creatures vanquished.

Vanquished Creatures (collateral kills)
  2 gargoyles (D:10)
  A kobold brigand (D:10)
  A killer bee (D:10)
  An orc wizard (D:10)
5 creatures vanquished.

Vanquished Creatures (others)
  An orc knight (D:10)
  A troll (D:10)
  2 orc priests (Orc:1)
  2 orcs (Orc:1)
  A quokka (D:2)
  28 fungi
  62 plants
97 creatures vanquished.

Grand Total: 859 creatures vanquished

Notes
Turn   | Place    | Note
-------+----------+-------------------------------------------
     0 | D:1      | mopl the Gnoll Monk began the quest for the Orb.
     0 | D:1      | Reached XP level 1. HP: 23/23 MP: 1/1
   156 | D:1      | Found a faded altar of an unknown god.
   167 | D:1      | Prayed at the altar of an unknown god.
   167 | D:1      | Became a worshipper of Uskayaw the Reveller
   167 | D:1      | Reached * piety under Uskayaw
   167 | D:1      | Reached ** piety under Uskayaw
   224 | D:1      | Reached XP level 2. HP: 29/29 MP: 2/2
   772 | D:2      | Reached XP level 3. HP: 31/35 MP: 3/3
   841 | D:2      | Reached skill level 1 in Invocations
  1127 | D:2      | Reached skill level 1 in Short Blades
  1127 | D:2      | Reached skill level 1 in Long Blades
  1127 | D:2      | Reached skill level 1 in Axes
  1127 | D:2      | Reached skill level 1 in Polearms
  1127 | D:2      | Reached skill level 1 in Staves
  1127 | D:2      | Reached skill level 1 in Slings
  1127 | D:2      | Reached skill level 1 in Bows
  1127 | D:2      | Reached skill level 1 in Crossbows
  1127 | D:2      | Reached skill level 1 in Throwing
  1127 | D:2      | Reached skill level 1 in Armour
  1127 | D:2      | Reached skill level 1 in Shields
  1127 | D:2      | Reached skill level 1 in Unarmed Combat
  1127 | D:2      | Reached skill level 1 in Spellcasting
  1127 | D:2      | Reached skill level 1 in Evocations
  1127 | D:2      | Reached XP level 4. HP: 37/41 MP: 0/5
  1244 | D:2      | Identified the +4 quarterstaff of Tartarus {drain, Str+3}
  1516 | D:2      | Noticed Terence
  1579 | D:2      | Killed Terence
  1580 | D:2      | Reached skill level 1 in Conjurations
  1580 | D:2      | Reached skill level 1 in Hexes
  1580 | D:2      | Reached skill level 1 in Summonings
  1580 | D:2      | Reached skill level 1 in Necromancy
  1580 | D:2      | Reached skill level 1 in Translocations
  1580 | D:2      | Reached skill level 1 in Transmutations
  1580 | D:2      | Reached skill level 1 in Fire Magic
  1580 | D:2      | Reached skill level 1 in Ice Magic
  1580 | D:2      | Reached skill level 1 in Air Magic
  1580 | D:2      | Reached skill level 1 in Earth Magic
  1580 | D:2      | Reached skill level 1 in Poison Magic
  2440 | D:3      | Reached XP level 5. HP: 47/47 MP: 3/6
  3058 | D:4      | Found Zafy's Assorted Antiques.
  3070 | D:4      | Noticed Menkaure
  3112 | D:4      | Found a sand-covered staircase.
  3153 | Ossuary  | Entered an ossuary
  3430 | Ossuary  | Reached *** piety under Uskayaw
  3438 | Ossuary  | Reached **** piety under Uskayaw
  3445 | Ossuary  | Reached ***** piety under Uskayaw
  3447 | Ossuary  | Reached skill level 2 in Invocations
  3447 | Ossuary  | Reached XP level 6. HP: 35/53 MP: 0/8
  3533 | Ossuary  | Reached skill level 2 in Short Blades
  3533 | Ossuary  | Reached skill level 2 in Long Blades
  3533 | Ossuary  | Reached skill level 2 in Axes
  3533 | Ossuary  | Reached skill level 2 in Polearms
  3533 | Ossuary  | Reached skill level 2 in Staves
  3533 | Ossuary  | Reached skill level 2 in Slings
  3533 | Ossuary  | Reached skill level 2 in Bows
  3533 | Ossuary  | Reached skill level 2 in Crossbows
  3533 | Ossuary  | Reached skill level 2 in Throwing
  3533 | Ossuary  | Reached skill level 2 in Armour
  3533 | Ossuary  | Reached skill level 2 in Shields
  3533 | Ossuary  | Reached skill level 2 in Unarmed Combat
  3533 | Ossuary  | Reached skill level 2 in Spellcasting
  3533 | Ossuary  | Reached skill level 2 in Evocations
  3745 | Ossuary  | Reached XP level 7. HP: 59/59 MP: 3/10
  3788 | Ossuary  | Reached skill level 7 in Fighting
  3788 | Ossuary  | Reached skill level 7 in Maces & Flails
  3788 | Ossuary  | Reached skill level 7 in Dodging
  3896 | Ossuary  | Reached skill level 2 in Conjurations
  3896 | Ossuary  | Reached skill level 2 in Hexes
  3896 | Ossuary  | Reached skill level 2 in Summonings
  3896 | Ossuary  | Reached skill level 2 in Necromancy
  3896 | Ossuary  | Reached skill level 2 in Translocations
  3896 | Ossuary  | Reached skill level 2 in Transmutations
  3896 | Ossuary  | Reached skill level 2 in Fire Magic
  3896 | Ossuary  | Reached skill level 2 in Ice Magic
  3896 | Ossuary  | Reached skill level 2 in Air Magic
  3896 | Ossuary  | Reached skill level 2 in Earth Magic
  3896 | Ossuary  | Reached skill level 2 in Poison Magic
  4092 | D:4      | Reached skill level 5 in Stealth
  4314 | D:4      | Found Xobrenob's Elemental Accessories.
  4331 | D:4      | Reached skill level 3 in Invocations
  4395 | D:4      | Noticed Robin
  4489 | D:4      | Killed Robin
  4553 | D:4      | Reached XP level 8. HP: 35/67 MP: 6/12
  4726 | D:4      | Found a blossoming altar of Fedhas.
  4738 | D:4      | Killed Menkaure
  4739 | D:4      | Reached skill level 3 in Short Blades
  4739 | D:4      | Reached skill level 3 in Long Blades
  4739 | D:4      | Reached skill level 3 in Axes
  4739 | D:4      | Reached skill level 3 in Polearms
  4739 | D:4      | Reached skill level 3 in Staves
  4739 | D:4      | Reached skill level 3 in Slings
  4739 | D:4      | Reached skill level 3 in Bows
  4739 | D:4      | Reached skill level 3 in Crossbows
  4739 | D:4      | Reached skill level 3 in Throwing
  4739 | D:4      | Reached skill level 3 in Armour
  4739 | D:4      | Reached skill level 3 in Shields
  4739 | D:4      | Reached skill level 3 in Unarmed Combat
  4739 | D:4      | Reached skill level 3 in Spellcasting
  4739 | D:4      | Reached skill level 3 in Evocations
  5484 | D:4      | Bought a scroll labelled LOESYK EHUE for 29 gold pieces
  5484 | D:4      | Bought a scroll labelled XIOXZE CUOLLI for 29 gold pieces
  5484 | D:4      | Bought 2 orange potions for 52 gold pieces
  5484 | D:4      | Bought a scroll of identify for 58 gold pieces
  5893 | D:5      | Entered Level 5 of the Dungeon
  5957 | D:5      | Noticed Eustachio
  5984 | D:4      | Killed Eustachio
  5985 | D:4      | Reached skill level 4 in Invocations
  6043 | D:5      | Reached skill level 3 in Conjurations
  6043 | D:5      | Reached skill level 3 in Hexes
  6043 | D:5      | Reached skill level 3 in Summonings
  6043 | D:5      | Reached skill level 3 in Necromancy
  6043 | D:5      | Reached skill level 3 in Translocations
  6043 | D:5      | Reached skill level 3 in Transmutations
  6043 | D:5      | Reached skill level 3 in Fire Magic
  6043 | D:5      | Reached skill level 3 in Ice Magic
  6043 | D:5      | Reached skill level 3 in Air Magic
  6043 | D:5      | Reached skill level 3 in Earth Magic
  6043 | D:5      | Reached skill level 3 in Poison Magic
  6083 | D:5      | Reached XP level 9. HP: 46/73 MP: 0/14
  6400 | D:5      | Noticed Ijyb
  6422 | D:5      | Killed Ijyb
  6594 | D:5      | Reached skill level 4 in Short Blades
  6594 | D:5      | Reached skill level 4 in Long Blades
  6594 | D:5      | Reached skill level 4 in Axes
  6594 | D:5      | Reached skill level 4 in Polearms
  6594 | D:5      | Reached skill level 4 in Staves
  6594 | D:5      | Reached skill level 4 in Slings
  6594 | D:5      | Reached skill level 4 in Bows
  6594 | D:5      | Reached skill level 4 in Crossbows
  6594 | D:5      | Reached skill level 4 in Throwing
  6594 | D:5      | Reached skill level 4 in Armour
  6594 | D:5      | Reached skill level 4 in Shields
  6594 | D:5      | Reached skill level 4 in Unarmed Combat
  6594 | D:5      | Reached skill level 4 in Spellcasting
  6594 | D:5      | Reached skill level 4 in Evocations
  6762 | D:5      | Reached skill level 6 in Stealth
  6775 | D:5      | Found an ancient bone altar of Kikubaaqudgha.
  6928 | D:5      | Found an ornate altar of the Wu Jian Council.
  7251 | D:6      | Reached skill level 8 in Fighting
  7251 | D:6      | Reached skill level 8 in Maces & Flails
  7251 | D:6      | Reached skill level 8 in Dodging
  7496 | D:6      | Identified the +1 leather armour of Gestures {Int+3}
  7713 | D:6      | Reached skill level 5 in Invocations
  7830 | D:6      | Found a snail-covered altar of Cheibriados.
  7831 | D:6      | Found a broken altar of Ashenzari.
  7836 | D:6      | Found a sparkling altar of Nemelex Xobeh.
  7899 | D:7      | Found Qusyry's Fire Supplies.
  7964 | D:7      | Found a staircase to the Ecumenical Temple.
  8226 | D:7      | Found a glowing silver altar of Zin.
  8226 | D:7      | Noticed an angel
  8369 | D:7      | Found a hazy altar of Hepliaklqana.
  8481 | D:7      | Found a bloodstained altar of Trog.
  8496 | D:7      | Reached skill level 4 in Conjurations
  8496 | D:7      | Reached skill level 4 in Hexes
  8496 | D:7      | Reached skill level 4 in Summonings
  8496 | D:7      | Reached skill level 4 in Necromancy
  8496 | D:7      | Reached skill level 4 in Translocations
  8496 | D:7      | Reached skill level 4 in Transmutations
  8496 | D:7      | Reached skill level 4 in Fire Magic
  8496 | D:7      | Reached skill level 4 in Ice Magic
  8496 | D:7      | Reached skill level 4 in Air Magic
  8496 | D:7      | Reached skill level 4 in Earth Magic
  8496 | D:7      | Reached skill level 4 in Poison Magic
  8496 | D:7      | Reached XP level 10. HP: 80/80 MP: 14/17
  8731 | D:7      | Found a runed translucent gate.
  8731 | D:7      | Found a runed translucent gate.
  8731 | D:7      | Found a runed translucent gate.
  8731 | D:7      | Noticed kae's ghost (novice OpFE)
  8732 | D:7      | Noticed Tribosh's ghost (novice DECj)
  8732 | D:7      | Noticed sanka's ghost (novice GnCA)
  8732 | D:7      | Noticed robertstho's ghost (novice DEFE)
  8732 | D:7      | Noticed kae's ghost (novice TeFE)
  9267 | D:8      | Reached skill level 5 in Short Blades
  9267 | D:8      | Reached skill level 5 in Long Blades
  9267 | D:8      | Reached skill level 5 in Axes
  9267 | D:8      | Reached skill level 5 in Polearms
  9267 | D:8      | Reached skill level 5 in Staves
  9267 | D:8      | Reached skill level 5 in Slings
  9267 | D:8      | Reached skill level 5 in Bows
  9267 | D:8      | Reached skill level 5 in Crossbows
  9267 | D:8      | Reached skill level 5 in Throwing
  9267 | D:8      | Reached skill level 5 in Armour
  9267 | D:8      | Reached skill level 5 in Shields
  9267 | D:8      | Reached skill level 5 in Unarmed Combat
  9267 | D:8      | Reached skill level 5 in Spellcasting
  9267 | D:8      | Reached skill level 5 in Evocations
  9635 | D:8      | Found Ibboosh's General Store.
  9706 | D:8      | Bought a scroll of amnesia for 49 gold pieces
  9706 | D:8      | Bought a potion of curing for 42 gold pieces
  9706 | D:8      | Bought a scroll of torment for 105 gold pieces
  9706 | D:8      | Bought a scroll of immolation for 49 gold pieces
  9706 | D:8      | Bought a +0 broad axe for 56 gold pieces
  9774 | D:8      | Found a radiant altar of Vehumet.
 10249 | D:9      | Reached skill level 6 in Invocations
 10253 | D:9      | Reached skill level 7 in Stealth
 10438 | D:9      | Found a white marble altar of Elyvilon.
 10506 | D:9      | Noticed a two-headed ogre
 10513 | D:9      | Killed a two-headed ogre
 10723 | D:9      | Reached XP level 11. HP: 85/87 MP: 12/19
 11082 | D:9      | Noticed a two-headed ogre
 11085 | D:9      | Noticed a moth of wrath
 11086 | D:9      | Noticed Sassenached's ghost (novice GnWn)
 11094 | D:9      | Found a transporter.
 11096 | D:9      | Noticed a deep troll
 11175 | D:9      | Found a bloodstained altar of Trog.
 11186 | D:9      | Found a transporter.
 11735 | D:10     | Entered Level 10 of the Dungeon
 11735 | D:10     | Noticed Maggie
 11756 | D:10     | Killed Maggie
 11931 | D:10     | Reached skill level 9 in Fighting
 11931 | D:10     | Reached skill level 6 in Short Blades
 11931 | D:10     | Reached skill level 6 in Long Blades
 11931 | D:10     | Reached skill level 6 in Axes
 11931 | D:10     | Reached skill level 9 in Maces & Flails
 11931 | D:10     | Reached skill level 6 in Polearms
 11931 | D:10     | Reached skill level 6 in Staves
 11931 | D:10     | Reached skill level 6 in Slings
 11931 | D:10     | Reached skill level 6 in Bows
 11931 | D:10     | Reached skill level 6 in Crossbows
 11931 | D:10     | Reached skill level 6 in Throwing
 11931 | D:10     | Reached skill level 6 in Armour
 11931 | D:10     | Reached skill level 9 in Dodging
 11931 | D:10     | Reached skill level 6 in Shields
 11931 | D:10     | Reached skill level 6 in Unarmed Combat
 11931 | D:10     | Reached skill level 6 in Spellcasting
 11931 | D:10     | Reached skill level 6 in Evocations
 11936 | D:10     | Reached skill level 5 in Conjurations
 11936 | D:10     | Reached skill level 5 in Hexes
 11936 | D:10     | Reached skill level 5 in Summonings
 11936 | D:10     | Reached skill level 5 in Necromancy
 11936 | D:10     | Reached skill level 5 in Translocations
 11936 | D:10     | Reached skill level 5 in Transmutations
 11936 | D:10     | Reached skill level 5 in Fire Magic
 11936 | D:10     | Reached skill level 5 in Ice Magic
 11936 | D:10     | Reached skill level 5 in Air Magic
 11936 | D:10     | Reached skill level 5 in Earth Magic
 11936 | D:10     | Reached skill level 5 in Poison Magic
 11961 | D:10     | Noticed Sonja
 11993 | D:10     | Killed Sonja
 12072 | D:10     | Noticed an orc knight
 12348 | D:10     | Identified the +6 plate armour "Doudef" {+Inv rPois}
 12408 | D:10     | Noticed a cyclops
 12426 | D:10     | Killed a cyclops
 12427 | D:10     | Reached skill level 7 in Invocations
 13074 | D:10     | Reached skill level 8 in Stealth
 13128 | D:10     | Found Poshryb's Assorted Antiques.
 13136 | D:10     | Bought a smoking turquoise ring for 145 gold pieces
 13136 | D:10     | Identified the ring of Lazxomnu {Int+8 Dex+6} (You bought
                  | it in a shop on level 10 of the Dungeon)
 13136 | D:10     | Bought a coppery potion for 26 gold pieces
 13136 | D:10     | Bought a scroll of identify for 58 gold pieces
 13136 | D:10     | Bought a twisted copper wand for 116 gold pieces
 13306 | D:10     | Found a glowing golden altar of the Shining One.
 13696 | D:11     | Found a shimmering altar of Xom.
 13696 | D:11     | Found a shimmering altar of Xom.
 13696 | D:11     | Found a shimmering altar of Xom.
 13697 | D:11     | Found a shimmering altar of Xom.
 13697 | D:11     | Found a shimmering altar of Xom.
 13697 | D:11     | Found a shimmering altar of Xom.
 13698 | D:11     | Found a shimmering altar of Xom.
 13698 | D:11     | Found a shimmering altar of Xom.
 13698 | D:11     | Found a shimmering altar of Xom.
 13698 | D:11     | Found a shimmering altar of Xom.
 13699 | D:11     | Found a shimmering altar of Xom.
 13747 | D:11     | Noticed a boulder beetle
 13920 | D:11     | Killed a boulder beetle
 13921 | D:11     | Reached XP level 12. HP: 96/96 MP: 22/22
 14031 | D:11     | Reached skill level 7 in Short Blades
 14031 | D:11     | Reached skill level 7 in Long Blades
 14031 | D:11     | Reached skill level 7 in Axes
 14031 | D:11     | Reached skill level 7 in Polearms
 14031 | D:11     | Reached skill level 7 in Staves
 14031 | D:11     | Reached skill level 7 in Slings
 14031 | D:11     | Reached skill level 7 in Bows
 14031 | D:11     | Reached skill level 7 in Crossbows
 14031 | D:11     | Reached skill level 7 in Throwing
 14031 | D:11     | Reached skill level 7 in Armour
 14031 | D:11     | Reached skill level 7 in Shields
 14031 | D:11     | Reached skill level 7 in Unarmed Combat
 14031 | D:11     | Reached skill level 7 in Spellcasting
 14031 | D:11     | Reached skill level 7 in Evocations
 14328 | D:11     | Found a staircase to the Lair.
 14497 | D:11     | Noticed Gastronok
 14531 | D:11     | Killed Gastronok
 14627 | D:11     | Noticed a boulder beetle
 14644 | D:11     | Killed a boulder beetle
 14645 | D:11     | Reached skill level 6 in Conjurations
 14645 | D:11     | Reached skill level 6 in Hexes
 14645 | D:11     | Reached skill level 6 in Summonings
 14645 | D:11     | Reached skill level 6 in Necromancy
 14645 | D:11     | Reached skill level 6 in Translocations
 14645 | D:11     | Reached skill level 6 in Transmutations
 14645 | D:11     | Reached skill level 6 in Fire Magic
 14645 | D:11     | Reached skill level 6 in Ice Magic
 14645 | D:11     | Reached skill level 6 in Air Magic
 14645 | D:11     | Reached skill level 6 in Earth Magic
 14645 | D:11     | Reached skill level 6 in Poison Magic
 14764 | Lair:1   | Entered Level 1 of the Lair of Beasts
 14777 | Lair:1   | Reached skill level 8 in Invocations
 14800 | Lair:1   | Noticed a five-headed hydra
 14821 | Lair:1   | Killed a one-headed hydra
 15020 | Lair:1   | Reached skill level 10 in Fighting
 15020 | Lair:1   | Reached skill level 10 in Maces & Flails
 15020 | Lair:1   | Reached skill level 10 in Dodging
 15051 | Lair:1   | Noticed Joseph
 15068 | Lair:1   | Killed Joseph
 15199 | Lair:1   | Noticed Fannar
 15215 | Lair:1   | Killed Fannar
 15968 | Lair:2   | Noticed a five-headed hydra
 15981 | Lair:2   | Killed a three-headed hydra
 15982 | Lair:2   | Reached skill level 9 in Stealth
 15982 | Lair:2   | Reached XP level 13. HP: 88/103 MP: 5/24
 15984 | Lair:2   | Reached ****** piety under Uskayaw
 16006 | Lair:2   | Found a frozen archway.
 16016 | IceCv    | Entered an ice cave
 16726 | IceCv    | Reached skill level 8 in Short Blades
 16726 | IceCv    | Reached skill level 8 in Long Blades
 16726 | IceCv    | Reached skill level 8 in Axes
 16726 | IceCv    | Reached skill level 8 in Polearms
 16726 | IceCv    | Reached skill level 8 in Staves
 16726 | IceCv    | Reached skill level 8 in Slings
 16726 | IceCv    | Reached skill level 8 in Bows
 16726 | IceCv    | Reached skill level 8 in Crossbows
 16726 | IceCv    | Reached skill level 8 in Throwing
 16726 | IceCv    | Reached skill level 8 in Armour
 16726 | IceCv    | Reached skill level 8 in Shields
 16726 | IceCv    | Reached skill level 8 in Unarmed Combat
 16726 | IceCv    | Reached skill level 8 in Spellcasting
 16726 | IceCv    | Reached skill level 8 in Evocations
 18133 | Lair:2   | Identified the +8 battleaxe "Pendulum" {vorpal, Str+6}
 18614 | Lair:3   | Reached skill level 9 in Invocations
 19229 | Lair:3   | Reached skill level 7 in Conjurations
 19229 | Lair:3   | Reached skill level 7 in Hexes
 19229 | Lair:3   | Reached skill level 7 in Summonings
 19229 | Lair:3   | Reached skill level 7 in Necromancy
 19229 | Lair:3   | Reached skill level 7 in Translocations
 19229 | Lair:3   | Reached skill level 7 in Transmutations
 19229 | Lair:3   | Reached skill level 7 in Fire Magic
 19229 | Lair:3   | Reached skill level 7 in Ice Magic
 19229 | Lair:3   | Reached skill level 7 in Air Magic
 19229 | Lair:3   | Reached skill level 7 in Earth Magic
 19229 | Lair:3   | Reached skill level 7 in Poison Magic
 19827 | Lair:4   | Found a hole to the Spider Nest.
 20011 | Lair:4   | Found a staircase to the Shoals.
 20455 | Lair:4   | Identified the +1 flail "Utotio Qoax" {antimagic, Will+
                  | Str+4}
 20638 | Lair:5   | Found a gate leading to a gauntlet.
 20665 | Gauntlet | Entered a Gauntlet
 20665 | Gauntlet | Found a transporter.
 20777 | Gauntlet | Found a transporter.
 20778 | Gauntlet | Found a transporter.
 20782 | Gauntlet | Found a transporter.
 20788 | Gauntlet | Noticed a blizzard demon
 20791 | Gauntlet | Found a transporter.
 20791 | Gauntlet | Found a transporter.
 20792 | Gauntlet | Found a transporter.
 20799 | Gauntlet | Found a transporter.
 20820 | Gauntlet | Found a large runed translucent door.
 20820 | Gauntlet | Found a large runed translucent door.
 20821 | Gauntlet | Found a large runed translucent door.
 20821 | Gauntlet | Found a large runed translucent door.
 20822 | Gauntlet | Found a large runed translucent door.
 20822 | Gauntlet | Found a large runed translucent door.
 20823 | Gauntlet | Found a runed translucent gate.
 20823 | Gauntlet | Found a runed translucent door.
 20824 | Gauntlet | Found a large runed translucent door.
 20824 | Gauntlet | Found a transporter.
 20824 | Gauntlet | Found a runed translucent gate.
 20825 | Gauntlet | Found a large runed translucent door.
 20835 | Gauntlet | Found a transporter.
 20835 | Gauntlet | Found a transporter.
 20837 | Gauntlet | Found a runed translucent door.
 20838 | Gauntlet | Found a large runed translucent door.
 20838 | Gauntlet | Found a large runed translucent door.
 20840 | Gauntlet | Found a large runed translucent door.
 20840 | Gauntlet | Found a large runed translucent door.
 20841 | Gauntlet | Found a large runed translucent door.
 20841 | Gauntlet | Found a large runed translucent door.
 20844 | Gauntlet | Found a runed translucent gate.
 20915 | Gauntlet | Identified the ring "Muriac" {rF+ rCorr Str+2 Int+5}
 20923 | Gauntlet | Reached skill level 11 in Fighting
 20923 | Gauntlet | Reached skill level 11 in Maces & Flails
 20923 | Gauntlet | Reached skill level 11 in Dodging
 20923 | Gauntlet | Reached XP level 14. HP: 63/113 MP: 20/26
 21672 | Lair:5   | Reached skill level 9 in Short Blades
 21672 | Lair:5   | Reached skill level 9 in Long Blades
 21672 | Lair:5   | Reached skill level 9 in Axes
 21672 | Lair:5   | Reached skill level 9 in Polearms
 21672 | Lair:5   | Reached skill level 9 in Staves
 21672 | Lair:5   | Reached skill level 9 in Slings
 21672 | Lair:5   | Reached skill level 9 in Bows
 21672 | Lair:5   | Reached skill level 9 in Crossbows
 21672 | Lair:5   | Reached skill level 9 in Throwing
 21672 | Lair:5   | Reached skill level 9 in Armour
 21672 | Lair:5   | Reached skill level 9 in Shields
 21672 | Lair:5   | Reached skill level 9 in Unarmed Combat
 21672 | Lair:5   | Reached skill level 9 in Spellcasting
 21672 | Lair:5   | Reached skill level 9 in Evocations
 21826 | Lair:5   | Reached skill level 10 in Stealth
 22335 | Lair:5   | Found a viscous altar of Jiyva.
 22335 | Lair:5   | Found a staircase to the Slime Pits.
 22502 | Lair:6   | Entered Level 6 of the Lair of Beasts
 22530 | Lair:6   | Reached skill level 10 in Invocations
 22631 | Lair:6   | Found a dark tunnel.
 22636 | Volcano  | Entered a volcano
 23023 | Volcano  | Noticed a stone giant
 23034 | Volcano  | Killed a stone giant
 23046 | Volcano  | Identified the +1 pair of gloves of the Blind Marksman
                  | {rElec rPois Str-3}
 24025 | Lair:6   | Reached skill level 8 in Conjurations
 24025 | Lair:6   | Reached skill level 8 in Hexes
 24025 | Lair:6   | Reached skill level 8 in Summonings
 24025 | Lair:6   | Reached skill level 8 in Necromancy
 24025 | Lair:6   | Reached skill level 8 in Translocations
 24025 | Lair:6   | Reached skill level 8 in Transmutations
 24025 | Lair:6   | Reached skill level 8 in Fire Magic
 24025 | Lair:6   | Reached skill level 8 in Ice Magic
 24025 | Lair:6   | Reached skill level 8 in Air Magic
 24025 | Lair:6   | Reached skill level 8 in Earth Magic
 24025 | Lair:6   | Reached skill level 8 in Poison Magic
 24298 | Lair:6   | Noticed Josephine
 24308 | Lair:6   | Reached XP level 15. HP: 43/120 MP: 1/28
 25217 | Lair:6   | Killed Josephine
 25942 | D:12     | Found a portal to a secret trove of treasure.
 26011 | D:12     | Identified the +2 pair of gloves of Wu Jian's Esteem {+Inv
                  | rC++ rN+}
 26464 | D:12     | Found a staircase to the Orcish Mines.
 26473 | D:12     | Reached skill level 10 in Short Blades
 26473 | D:12     | Reached skill level 10 in Long Blades
 26473 | D:12     | Reached skill level 10 in Axes
 26473 | D:12     | Reached skill level 10 in Polearms
 26473 | D:12     | Reached skill level 10 in Staves
 26473 | D:12     | Reached skill level 10 in Slings
 26473 | D:12     | Reached skill level 10 in Bows
 26473 | D:12     | Reached skill level 10 in Crossbows
 26473 | D:12     | Reached skill level 10 in Throwing
 26473 | D:12     | Reached skill level 10 in Armour
 26473 | D:12     | Reached skill level 10 in Shields
 26473 | D:12     | Reached skill level 10 in Unarmed Combat
 26473 | D:12     | Reached skill level 10 in Spellcasting
 26473 | D:12     | Reached skill level 10 in Evocations
 27199 | D:13     | Found an iron altar of Okawaru.
 27226 | D:13     | Noticed Urug
 27236 | D:13     | Killed Urug
 27417 | D:13     | Reached skill level 11 in Invocations
 27469 | D:13     | Found the +4 Cigotuvi's embrace {rMiasma Drain rN+}
 27637 | D:13     | Reached skill level 12 in Fighting
 27637 | D:13     | Reached skill level 12 in Maces & Flails
 27637 | D:13     | Reached skill level 12 in Dodging
 27639 | D:13     | Found a gate to the Vaults.
 27831 | D:13     | Found a runed translucent gate.
 27831 | D:13     | Found a runed translucent gate.
 27831 | D:13     | Found a runed translucent gate.
 27835 | D:13     | Noticed robertstho's ghost (journeyman DEFE)
 27886 | D:13     | Noticed Rupert
 27889 | D:13     | Paralysed by Rupert for 5 turns
 27903 | D:13     | Killed Rupert
 27904 | D:13     | Reached skill level 11 in Stealth
 28470 | D:13     | Killed robertstho's ghost
 28805 | D:7      | Killed Tribosh's ghost
 28808 | D:7      | Killed kae's ghost
 28810 | D:7      | Killed kae's ghost
 28812 | D:7      | Killed sanka's ghost
 28812 | D:7      | Killed robertstho's ghost
 29083 | D:9      | Killed Sassenached's ghost
 30161 | D:14     | Reached XP level 16. HP: 107/128 MP: 30/30
 30420 | D:14     | Found an opulent altar of Gozag.
 30713 | Orc:1    | Entered Level 1 of the Orcish Mines
 30853 | Orc:1    | Reached skill level 9 in Conjurations
 30853 | Orc:1    | Reached skill level 9 in Hexes
 30853 | Orc:1    | Reached skill level 9 in Summonings
 30853 | Orc:1    | Reached skill level 9 in Necromancy
 30853 | Orc:1    | Reached skill level 9 in Translocations
 30853 | Orc:1    | Reached skill level 9 in Transmutations
 30853 | Orc:1    | Reached skill level 9 in Fire Magic
 30853 | Orc:1    | Reached skill level 9 in Ice Magic
 30853 | Orc:1    | Reached skill level 9 in Air Magic
 30853 | Orc:1    | Reached skill level 9 in Earth Magic
 30853 | Orc:1    | Reached skill level 9 in Poison Magic
 31568 | Orc:2    | Entered Level 2 of the Orcish Mines
 31686 | Orc:2    | Found a staircase to the Elven Halls.
 31823 | Orc:2    | Found a runed translucent gate.
 31827 | Orc:2    | Found a runed translucent gate.
 31827 | Orc:2    | Found a runed translucent gate.
 31967 | Orc:2    | Mangled by an orc warrior

Illustrated notes

Levels and vault maps discovered:
D:1:      lemuel_arrival_behind_the_door_large, layout_loops_ring,
          dreamdust_ecumenical_altar_grove, serial_bayou_pond_e
D:2:      layout_basic, lemuel_flame_loot_1, uniq_terence
D:3:      minmay_door_path, layout_basic, minmay_misc_feat_plants
D:4:      layout_gridville, mainiacjoe_overflow_surrounded_room,
          gup_ossuary_entry_pyramid, nicolae_elemental_shop,
          nicolae_inconvenience_store, minmay_puff, uniq_robin, uniq_menkaure
D:5:      layout_basic, lemuel_mausoleum_altar_kikubaaqudgha,
          mainiacjoe_overflow_24_doors, uniq_eustachio, uniq_ijyb
D:6:      layout_loops_ring, minitemple, minmay_stone_trees_small
D:7:      layout_basic, zin_angel, worldfamousw_hep_ancestral_shrine,
          nicolae_overflow_crystal_walls, minmay_temple_entry_mist,
          gammafunk_ghost_cemetery, nrook_mini_backslash, nicolae_shop_fire_sale
          [nicolae_sub_dead_trees]
D:8:      layout_basic, nicolae_vehumet_radiance, kennysheep_windowed_goal
D:9:      layout_layer_cave, elyvilon_altar_3, gammafunk_ghost_wrathful_warriors
D:10:     hangedman_cross_cluster, layout_basic, tso_altar, serial_shops,
          nicolae_shop_waterfront, uniq_maggie, uniq_sonja
D:11:     layout_roguey, dpeg_oklobed_lair, xom_shifter_show, uniq_gastronok
D:12:     layout_gridville, david_orc_5, enter_trove_0, minmay_lizard_king
D:13:     layout_layer_cave, david_vaults_1, gammafunk_ghost_nasty_kobolds,
          okawaru_trees_2, uniq_urug, uniq_rupert
D:14:     layout_cave_pools, nicolae_gozag_cash_rules_everything_around_me
Lair:1:   layout_regular_city, grunt_megastairs_2, uniq_fannar, uniq_joseph
Lair:2:   layout_misc_corridors, portal_ice_cave_entry_pillars_2,
          columned_hall_lemuel, serial_bayou_shore_b, serial_bayou_shore_a,
          lemuel_fruit_fields, grunt_megastairs_3, lemuel_fruit_fields
Lair:3:   layout_roguey, beast_lair_carwin_11, lemuel_fruit_tree,
          lemuel_fruit_fields, uniq_snorg
Lair:4:   layout_regular_city, elwin_shoals_entry_rooms,
          hellmonk_spider_entry_not_the_bees
Lair:5:   layout_gridlike, slime_altar_1, gauntlet_entry_generic,
          grunt_megastairs_5
Lair:6:   evilmike_catoblepas_cave, layout_regular_city,
          nicolae_volcano_entry_s_turn, grunt_forest_large_clearings,
          uniq_josephine
Orc:1:    layout_caves, elves_outpost_lemuel
Orc:2:    st_orc_congregation, layout_diamond_mine,
          maelrawn_ghost_gauntlet_escape

Skill      XL: |  1  2  3  4  5  6  7  8  9 10 11 12 13 14 15 16 |
---------------+-------------------------------------------------+-----
Invocations    | 1 2 3 4 5 6 7 8 9 10 11 | 11.7
Short Blades   | 1 2 3 4 5 6 7 8 9 10 | 10.8
Long Blades    | 1 2 3 4 5 6 7 8 9 10 | 10.8
Axes           | 1 2 3 4 5 6 7 8 9 10 | 10.8
Polearms       | 1 2 3 4 5 6 7 8 9 10 | 10.8
Staves         | 1 2 3 4 5 6 7 8 9 10 | 10.8
Slings         | 1 2 3 4 5 6 7 8 9 10 | 10.8
Bows           | 1 2 3 4 5 6 7 8 9 10 | 10.8
Crossbows      | 1 2 3 4 5 6 7 8 9 10 | 10.8
Throwing       | 1 2 3 4 5 6 7 8 9 10 | 10.8
Armour         | 1 2 3 4 5 6 7 8 9 10 | 10.8
Shields        | 1 2 3 4 5 6 7 8 9 10 | 10.8
Unarmed Combat | 1 2 3 4 5 6 7 8 9 10 | 10.8
Spellcasting   | 1 2 3 4 5 6 7 8 9 10 | 10.8
Evocations     | 1 2 3 4 5 6 7 8 9 10 | 10.8
Conjurations   | 1 2 3 4 5 6 7 8 9 |  9.1
Hexes          | 1 2 3 4 5 6 7 8 9 |  9.1
Summonings     | 1 2 3 4 5 6 7 8 9 |  9.1
Necromancy     | 1 2 3 4 5 6 7 8 9 |  9.1
Translocations | 1 2 3 4 5 6 7 8 9 |  9.1
Transmutations | 1 2 3 4 5 6 7 8 9 |  9.1
Fire Magic     | 1 2 3 4 5 6 7 8 9 |  9.1
Ice Magic      | 1 2 3 4 5 6 7 8 9 |  9.1
Air Magic      | 1 2 3 4 5 6 7 8 9 |  9.1
Earth Magic    | 1 2 3 4 5 6 7 8 9 |  9.1
Poison Magic   | 1 2 3 4 5 6 7 8 9 |  9.1
Fighting       | 7 8 9 10 11 12 | 12.5
Maces & Flails | 7 8 9 10 11 12 | 12.5
Dodging        | 7 8 9 10 11 12 | 12.5
Stealth        | 5 6 7 8 9 10 11 | 11.5

Action                   |  1- 3 |  4- 6 |  7- 9 | 10-12 | 13-15 | 16-18 || total
-------------------------+-------+-------+-------+-------+-------+-------++-------
Melee: Mace              |    19 |       |       |       |       |       ||    19
       Bite              |     2 |    19 |    51 |    63 |   111 |    24 ||   270
       Punch             |     1 |       |     1 |     3 |    22 |     1 ||    28
       Dagger            |    29 |    61 |    46 |       |       |       ||   136
       Quarterstaff      |       |    94 |   361 |   485 |    25 |       ||   965
       Broad axe         |       |       |       |    37 |   245 |     3 ||   285
       Battleaxe         |       |       |       |       |   576 |   119 ||   695
Throw: Dart              |       |       |       |    36 |     9 |       ||    45
Invok: Stomp             |       |     1 |       |     1 |       |       ||     2
       Line Pass         |       |       |       |     1 |       |     2 ||     3
       Grand Finale      |       |       |       |       |     1 |     1 ||     2
Evoke: Wand              |       |       |       |     7 |     3 |       ||    10
  Use: Scroll            |       |     7 |     1 |     8 |    13 |     1 ||    30
       Potion            |       |     1 |       |     4 |     5 |     2 ||    12
 Stab: Sleeping          |     2 |       |       |       |       |       ||     2
       Paralysed         |       |     5 |    16 |    31 |   133 |    12 ||   197
       Petrified         |       |       |       |       |     5 |       ||     5
Armor: Scale mail        |    10 |     8 |       |       |       |       ||    18
       Chain mail        |       |   119 |   250 |   133 |       |       ||   502
       Plate armour      |       |       |       |   155 |   565 |    73 ||   793
Dodge: Dodged            |    17 |   115 |   238 |   329 |   654 |   105 ||  1458
Block: Other             |       |       |       |   109 |   225 |    32 ||   366
       Reflection        |       |       |       |     4 |     2 |     1 ||     7

Table legend: (Time is in decaauts)
 A = Elapsed time spent in this place.
 B = Non-inter-level travel time spent in this place.
 C = Inter-level travel time spent in this place.
 D = Time resting spent in this place.
 E = Time spent auto-exploring this place.
 F = Levels seen in this place.
 G = Mean time per level.
                   A        B        C        D        E       F      G
               +--------+--------+--------+--------+--------+-----+--------+
         Total |  32331 |  30594 |   1737 |  10291 |  14065 |  26 | 1243.5 |
       Dungeon |  18858 |  17656 |   1202 |   5015 |   9344 |  14 | 1347.0 |
          Lair |   8536 |   8012 |    524 |   2398 |   4050 |   6 | 1422.7 |
  Orcish Mines |   1267 |   1256 |     11 |    393 |    635 |   2 |  633.5 |
       Ossuary |    862 |    862 |      0 |    513 |     36 |   1 |  862.0 |
      Ice Cave |   1367 |   1367 |      0 |   1007 |      0 |   1 | 1367.0 |
       Volcano |    428 |    428 |      0 |    289 |      0 |   1 |  428.0 |
      Gauntlet |   1011 |   1011 |      0 |    676 |      0 |   1 | 1011.0 |
               +--------+--------+--------+--------+--------+-----+--------+

Top non-repeatable levels by time:
  Lair:6: 2943 daAuts
    D:10: 1859 daAuts
     D:4: 1830 daAuts
     D:9: 1791 daAuts
     D:2: 1592 daAuts
  Lair:1: 1573 daAuts
     D:7: 1570 daAuts
    D:13: 1549 daAuts
    D:14: 1422 daAuts
   IceCv: 1367 daAuts
    D:11: 1226 daAuts
    D:12: 1214 daAuts
  Lair:2: 1106 daAuts
     D:5: 1082 daAuts
  Lair:4: 1063 daAuts
